 Dungeon Crawl Stone Soup version 0.17.2-1-ge4368a0 (webtiles) character file.

17 Goblin1989 the Cutter (level 2, -1/16 HPs)
             Began as a Vine Stalker Chaos Knight on May 3, 2017.
             Slain by Grinder (3 damage)
             ... while paralysed by Grinder
             ... on level 4 of the Dungeon.
             The game lasted 00:04:49 (433 turns).

Goblin1989 the Cutter (Vine Stalker Chaos Knight)    Turns: 433, Time: 00:04:49

Health: -1/16      AC:  3    Str: 14    XL:     2   Next: 62%
Magic:  0/3        EV:  2    Int: 12    God:    Xom [..*...]
Gold:   40         SH:  0    Dex: 13    Spells: 0 memorised, 1 level left

rFire  . . .     SeeInvis .     a - +0 short sword (chaos)
rCold  . . .     Clarity  .     g - +0 leather armour (curse)
rNeg   . . .     SustAt   .     (no shield)
rPois  .         Gourm    .     (no helmet)
rElec  .         Spirit   +     (no cloak)
rCorr  .         Warding  .     (no gloves)
rMut   .         Stasis   .     (no boots)
MR     .....                    (no amulet)
Stlth  ++........               (no ring)
                                (no ring)

@: paralysed, not resistant to hostile enchantments, unstealthy
A: fangs 2, regeneration 1, magic shield, antimagic bite, no device heal 3, rot
immunity
a: Renounce Religion


You were on level 4 of the Dungeon.
You worshipped Xom.
You were a toy of Xom.
You were not hungry.

You visited 1 branch of the dungeon, and saw 4 of its levels.

You collected 40 gold pieces.

Inventory:

Hand Weapons
 a - a +0 short sword of chaos (weapon)
Armour
 b - a +2 leather armour
 g - a cursed +0 leather armour (worn)
 l - a +2 leather armour of poison resistance
Scrolls
 c - a scroll of blinking {unknown}
 d - a scroll of remove curse {unknown}
 h - 2 scrolls of identify {unknown}
 i - a scroll of recharging {unknown}
 j - a scroll of fear {unknown}
 m - a scroll of magic mapping {unknown}
Potions
 f - 3 potions of curing {unknown}
Comestibles
 e - 4 bread rations {@e1}
 k - a meat ration {@e2}


   Skills:
 - Level 2.6 Fighting
 + Level 3.0 Short Blades
 - Level 1.5 Armour
 - Level 0.7 Dodging
 + Level 2.2 Stealth


You had one spell level left.
You didn't know any spells.

Dungeon Overview and Level Annotations

Branches:
Dungeon (4/15)
 Temple: D:4-7

Altars:
Ashenzari
Xom

Annotations:
D:2 exclusion: Terence, Terence
D:4 Grinder


Innate Abilities, Weirdness & Mutations

You have extremely sharp teeth.
Your natural rate of healing is unusually fast.
When hurt, damage is shared between your health and your magic reserves.
Your bite disrupts and absorbs the magic of your enemies.
Potions and wands cannot restore your health.
You are immune to rotting.


Message History

k - a meat ration {@e2} You see here a club.
Found a stone staircase leading down.
There is a stone staircase leading down here.
You climb downwards.
Found a shattered altar of Ashenzari.
There is a stone staircase leading up here.
Xom's power almost touches on you for a moment.
You catch a glimpse of the back of your own head.
You see here 2 emerald potions.
You see here 2 emerald potions.
f - 3 emerald potions (gained 2)
Found a shimmering altar of Xom.
A goblin comes into view.
The goblin shouts!
You see here a scroll labeled YLIRYQE ZIGI.
h - 2 scrolls labeled YLIRYQE ZIGI (gained 1)
You barely miss the goblin. Your bite misses the goblin. The goblin hits you.
You take 4 damage, and have 12/16 hp.
MASSIVE DAMAGE!!
You hit the goblin.
You kill the goblin!
Your Short Blades skill increases to level 3!
You almost hear Xom's maniacal laughter.
You hear a whooshing sound.
You see here a goblin corpse.
You see here a glowing leather armour.
l - a glowing leather armour A giant gecko comes into view.
The giant gecko bites you but does no damage.
Health restored: 16 You barely miss the giant gecko.
Your bite misses the giant gecko. The giant gecko barely misses you.
You closely miss the giant gecko. The giant gecko barely misses you.
You barely miss the giant gecko. Your bite misses the giant gecko.
The giant gecko hisses menacingly.
The giant gecko bites you.
You take 1 damage, and have 15/16 hp.
Your leather armour prevents you from hitting the giant gecko.
You bite the giant gecko, but do no damage.
The giant gecko barely misses you.
You hit the giant gecko. Your bite misses the giant gecko.
The giant gecko is severely wounded.
The giant gecko bites you.
You take 2 damage, and have 13/16 hp.
You now have 2/3 mp.
You hit the giant gecko.
You kill the giant gecko!
A giant newt comes into view.
The giant newt bites you.
You now have 1/3 mp.
You closely miss the giant newt. The giant newt bites you.
You take 3 damage, and have 12/16 hp.
You closely miss the giant newt. Your bite misses the giant newt.
The giant newt bites you.
You take 3 damage, and have 9/16 hp.
You miss the giant newt.
The giant newt bites you but does no damage.
You miss the giant newt. The giant newt barely misses you.
You hit the giant newt.
You kill the giant newt!
Found a stone staircase leading down.
You see here 13 gold pieces.
You now have 40 gold pieces (gained 13).
There is a stone staircase leading down here.
You climb downwards.
There is a stone staircase leading up here.
You see here a scroll labeled QAT BAEHUMYISM.
MP restored: 3
m - a scroll labeled QAT BAEHUMYISM Marking area around Grinder as unsafe for travelling.
Grinder comes into view.
Grinder shouts!
You hit Grinder.
Grinder convulses.
Your bite misses Grinder.
Grinder is lightly wounded.
Grinder barely misses you.
You hit Grinder. You burn Grinder. Your bite misses Grinder.
Grinder is moderately wounded.
You hit Grinder. You burn Grinder. You bite Grinder.
Grinder's magic leaks into the air.
You drain his magic.
Grinder is heavily wounded.
Grinder gestures.
Grinder blinks!
Grinder gestures at you.
You barely resist.
Your leather armour prevents you from hitting Grinder.
You bite Grinder.
Grinder's magic leaks into the air.
You drain his magic.
Grinder is heavily wounded.
Grinder gestures at you.
You suddenly lose the ability to move!
Grinder hits you!
A shower of butterflies erupts from you!
You writhe in agony.
* * * LOW HITPOINT WARNING * * *
Xom grants you a minor favour. Magic courses through your body.
Grinder hits you.
* * * LOW HITPOINT WARNING * * *
You writhe in agony.
* * * LOW HITPOINT WARNING * * *
Grinder hits you.
You die...
Xom laughs nastily! █████

█████... █
█...█5████.█
█.█...@..b.████
█.<.█.█........
██.██.....b████
█.██...?..█
█.....b██.█
████.█.█ .█
█.█.█ █ █....
███.█


You could see Grinder.

Vanquished Creatures
  2 giant geckos
  4 bats
  2 goblins
  3 kobolds
  2 giant newts
  A rat (D:1)
14 creatures vanquished.

Notes
Turn   | Place    | Note
--------------------------------------------------------------
     0 | D:1      | Goblin1989 the Vine Stalker Chaos Knight began the quest for the Orb.
     0 | D:1      | Reached XP level 1. HP: 11/11 MP: 2/2
    10 | D:1      | XOM: potion effect (haste)
    33 | D:2      | Reached skill level 1 in Stealth
   111 | D:2      | Noticed Terence
   122 | D:2      | XOM: divination: magic mapping
   138 | D:1      | Reached XP level 2. HP: 16/16 MP: 3/3
   357 | D:3      | Found a shattered altar of Ashenzari.
   360 | D:3      | XOM: harmless Tloc miscast
   368 | D:3      | Found a shimmering altar of Xom.
   375 | D:3      | Reached skill level 3 in Short Blades
   375 | D:3      | XOM: harmless Air miscast
   423 | D:4      | Noticed Grinder
   430 | D:4      | Paralysed by Grinder for 6 turns
   431 | D:4      | XOM: butterfly on damage
   432 | D:4      | XOM: potion effect (magic)
   433 | D:4      | Slain by Grinder

Action                   || total
-------------------------++-------
Melee: Short sword       ||    52

Vault maps used:
D:1:      dpeg_arrival_arbitrary_c, serial_bayou_lake_a
D:2:      yredelemnul_altar_generic, uniq_terence
D:3:      overflow_temple_1_default, first_bread, dk_xom_monty_hall
D:4:      zin_purify, nicolae_ru_sacrificial_ziggurat, minivault_25,
          uniq_duvessa, uniq_grinder, uniq_robin
